AoeStats
← DK_Odysseo

Hideout

509113504Analyzed
1v1 RM · 6d ago on Sep 25, 2026· 20m 38s· 2 players
Game mode
Random Map
Map size
Tiny (2 player)
Population
200
Speed
Normal
Resources
Standard
Victory
Conquest
Starting age
Dark Age
Ending age
Imperial Age
RankedLock teamsTeams togetherTeam positionsShared explorationLock speedFull tech treeHidden civsTurbo modeCheats
Victory
Defeat
🇨🇭 Khmer · Switzerland
1962
+13
🇪🇸 Aztecs · Spain
1903
-13
DK_Odysseo
10:19 Feudal Age
14:30 Castle Age
13:06 Double-Bit Axe
13:11 Horse Collar
13:55 Loom
15:49 Bow Saw
[BÜN#1] Heidewolf
10:27 Feudal Age
13:11 Castle Age
10:57 Horse Collar
11:32 Double-Bit Axe
14:16 Bow Saw
14:04 Light Cavalry
18:11 Loom
Connection lost

Rejoining the realm…

Still unreachable

The connection could not be restored.

Session expired

The server has moved on; the page needs a fresh start.